 Dungeon Crawl Stone Soup version 0.30-a0-373-gd37427bb62 (webtiles) character file.

Game seed: 18428256790028165394

63 greenreed the Poker (level 4, -5/37 HPs)
             Began as a Formicid Monk on Nov 24, 2022.
             Splashed by a jelly's acid (6 damage)
             ... on level 1 of the Dungeon.
             The game lasted 00:02:02 (686 turns).

greenreed the Poker (Formicid Monk)                  Turns: 686, Time: 00:02:04

Health: -5/37      AC:  1    Str: 17    XL:     4   Next: 30%
Magic:  4/4        EV: 10    Int: 10    God:
Gold:   17         SH:  3    Dex: 16    Spells: 3/3 levels left

rFire   . . .      SeeInvis +    a - +0 spear
rCold   + . .      Faith    .    g - +0 buckler
rNeg    . . .      Spirit   .    i - +2 scale mail {rC+}
rPois   .          Reflect  .    (helmet unavailable)
rElec   .          Harm     .    (no cloak)
rCorr   .          Rampage  .    (no gloves)
Will    .....                    h - +0 pair of boots
Stlth   +.........               (no amulet)
HPRegen 0.26/turn                (no ring)
MPRegen 0.09/turn                (no ring)

@: corroded
A: permanent stasis, dig shafts and tunnels, antennae 3, four strong arms
a: Dig, Shaft Self


You were on level 1 of the Dungeon.
You visited 1 branch of the dungeon, and saw 1 of its levels.

You collected 17 gold pieces.

Inventory:

Hand Weapons
 a - a +0 spear (weapon)
Armour
 b - a +0 robe
 g - a +0 buckler (worn)
 h - a +0 pair of boots (worn)
 i - a +2 scale mail of cold resistance (worn)
Scrolls
 f - a scroll of identify {unknown}
 j - a scroll of teleportation {unknown}
 k - a scroll of enchant weapon {unknown}
Potions
 c - a potion of ambrosia
 d - 2 potions of curing {unknown}
 e - a potion of might {unknown}
 l - 2 potions of flight {unknown}


   Skills:
 * Level 3.9 Fighting
 * Level 4.1 Polearms
 + Level 0.2 Armour
 + Level 2.8 Dodging
 + Level 2.7 Stealth


You had 3 spell levels left.
You didn't know any spells.
Your spell library was empty.

Dungeon Overview and Level Annotations

Branches:
Dungeon (1/15)

Altars:


Innate Abilities, Weirdness & Mutations

You cannot be hasted, slowed, berserked, paralysed or teleported.
You can dig through walls and to a lower floor.
You have a pair of large antennae on your head. (SInv)
Your four strong arms can wield two-handed weapons with a shield.


Message History

You hit the endoplasm.
You kill the endoplasm!
You hit the rat.
You kill the rat!
The giant cockroach waves its antennae.
You barely miss the endoplasm.
You are no longer corroded.
The endoplasm jiggles.
The endoplasm freezes you.
You are frozen.
You resist.
You puncture the endoplasm!
You kill the endoplasm!
You hit the jelly.
Your hands burn!
The jelly is moderately wounded.
The jelly hits you but does no damage.
You hit the jelly but do no damage.
Your hands burn!
The jelly is moderately wounded.
The jelly barely misses you.
You are too injured to fight recklessly!
You are too injured to fight recklessly!
You hit the jelly.
Your hands burn!
The jelly is heavily wounded.
You block the jelly's attack.
You hit the jelly. The acid corrodes you!
Your hands burn!
* * * LOW HITPOINT WARNING * * *
The jelly is severely wounded.
The jelly barely misses you.
You barely miss the jelly.
The jelly is severely wounded.
The jelly barely misses you.
You hit the jelly but do no damage.
Your hands burn!
* * * LOW HITPOINT WARNING * * *
The jelly is severely wounded.
You hit the jelly. The acid corrodes you!
Your hands burn!
* * * LOW HITPOINT WARNING * * *
The jelly is almost dead.
The jelly hits you.
* * * LOW HITPOINT WARNING * * *
You are splashed with acid.
You die...

.##.........)....# #...........#
.#...#...........#####........#.#
....##..................[###.##..
...###...................##..##.#
..## #..###'#######+###...#.###..
### #..#..⌠...>...⌠..#...#.##...
#..#......<......#......#.##
#..+⌠....###....⌠'....#÷.... #
#..#......†@.....#...##...#. #
#..#######J#######..###.#### #
#..#....BJrrJ....#..# #.#
######..#.....rBJr....#..###.####
........#.......J.....#..........
........###############..........
.#...##..................#.......
...#..#####..............#.......
#..##..######..########..########


You could see a jelly, 4 endoplasms, 2 giant cockroaches and 4 rats.

Vanquished Creatures
  A jelly (D:1)
  6 endoplasms (D:1)
  3 giant cockroaches (D:1)
  2 goblins (D:1)
  4 hobgoblins (D:1)
  2 jackals (D:1)
  A kobold (D:1)
  A quokka (D:1)
  4 ball pythons (D:1)
  2 frilled lizards (D:1)
  4 rats (D:1)
30 creatures vanquished.

Notes
Turn   | Place    | Note
-------+----------+-------------------------------------------
     0 | D:1      | greenreed the Formicid Monk began the quest for the Orb.
     0 | D:1      | Reached XP level 1. HP: 18/18 MP: 1/1
     1 | D:1      | Found a runed translucent door.
     2 | D:1      | Noticed a jelly
     2 | D:1      | Noticed a jelly
   293 | D:1      | Reached XP level 2. HP: 24/24 MP: 2/2
   466 | D:1      | Reached XP level 3. HP: 29/29 MP: 3/3
   668 | D:1      | Reached skill level 4 in Polearms
   668 | D:1      | Reached XP level 4. HP: 25/37 MP: 4/4
   686 | D:1      | HP: 1/37 [acid (2)]
   686 | D:1      | Splashed by a jelly's acid

Illustrated notes

Levels and vault maps discovered:
D:1:      dpeg_arrival_caged_fury, layout_rooms

Skill      XL: |  1  2  3 |
---------------+----------+-----
Polearms       | 4 |  4.1
Fighting       | |  3.9
Armour         | |  0.2
Dodging        | |  2.8
Stealth        | |  2.7

Action                   |  1- 3 |  4- 6 || total
-------------------------+-------+-------++-------
Melee: Spear             |   106 |    19 ||   125
 Stab: Sleeping          |     3 |       ||     3
Armor: Robe              |     7 |       ||     7
       Scale mail        |    16 |     2 ||    18
Dodge: Dodged            |    40 |     5 ||    45
Block: Buckler           |     6 |     1 ||     7

Table legend: (Time is in decaauts)
 A = Elapsed time spent in this place.
 B = Non-inter-level travel time spent in this place.
 C = Inter-level travel time spent in this place.
 D = Time resting spent in this place.
 E = Time spent auto-exploring this place.
 F = Levels seen in this place.
 G = Mean time per level.
                   A        B        C        D        E       F      G
               +--------+--------+--------+--------+--------+-----+--------+
         Total |    680 |    655 |     25 |      0 |    420 |   1 |  680.0 |
       Dungeon |    680 |    655 |     25 |      0 |    420 |   1 |  680.0 |
               +--------+--------+--------+--------+--------+-----+--------+

Top non-repeatable levels by time:
     D:1: 680 daAuts
